 Dungeon Crawl Stone Soup version 0.29.0-7-g18a832c13a (webtiles) character file.

Game seed: 15624709183757410965

28 blackman the Digger (level 3, 0/27 HPs)
             Began as a Human Wanderer on Aug 30, 2022.
             Frozen to death by an endoplasm (4 damage)
             ... on level 2 of the Dungeon.
             The game lasted 00:02:48 (965 turns).

blackman the Digger (Human Wanderer)                 Turns: 965, Time: 00:02:49

Health: 0/27       AC:  3    Str:  8    XL:     3   Next: 30%
Magic:  1/6        EV: 11    Int: 18    God:
Gold:   42         SH:  0    Dex: 12    Spells: 5/6 levels left

rFire   . . .      SeeInvis .   a - +0 dagger
rCold   . . .      Faith    .   (no shield)
rNeg    . . .      Spirit   .   c - +0 robe
rPois   .          Reflect  .   (no helmet)
rElec   .          Harm     .   d - +0 cloak
rCorr   .          Rampage  .   (no gloves)
Will    .....                   (no boots)
Stlth   ++........              (no amulet)
HPRegen 0.09/turn               (no ring)
MPRegen 0.10/turn               (no ring)

@: about to teleport
A: no striking features
a: no special abilities


You were on level 2 of the Dungeon.
You visited 1 branch of the dungeon, and saw 2 of its levels.

You collected 42 gold pieces.

Inventory:

Hand Weapons
 a - a +0 dagger (weapon)
Armour
 c - a +0 robe (worn)
 d - a +0 cloak (worn)
Scrolls
 g - a scroll of immolation
 h - a scroll of summoning {unknown}
 i - a scroll of teleportation
Potions
 b - a potion of might
 e - a potion of degeneration {unknown}


   Skills:
 - Level 2.0 Fighting
 - Level 1.0 Stealth
 - Level 2.0 Spellcasting
 - Level 2.0 Conjurations
 + Level 4.2 Earth Magic


You had 5 spell levels left.
You knew the following spells:

 Your Spells              Type           Power      Damage    Failure   Level
a - Sandblast             Erth           34%        2d9       3%          1

Your spell library contained the following spells:

 Spells                   Type           Power      Damage    Failure   Level
 Magic Dart               Conj           36%        1d4       8%          1
 Stone Arrow              Conj/Erth      26%        3d8       16%         3
 Dazzling Flash           Conj/Hex       10%        N/A       34%         3
 Leda's Liquefaction      Hex/Erth       4%         N/A       58%         4


Dungeon Overview and Level Annotations

Branches:
Dungeon (2/15)

Altars:
Makhleb

Annotations:
D:2 Terence


Message History

Aiming: Sandblast (safe; 3% risk of failure)
Press: ? - help, Shift-Dir - straight line, f/p - Terence
Aim: Terence, wielding a +0 hand axe and wearing a +0 scale mail (84% to hit)
The blast of sand hits Terence but does no damage.
The endoplasm freezes you.
You are frozen.
Terence hits you with a +0 hand axe. The endoplasm freezes you.
You are frozen.
Terence barely misses you.
Casting: Sandblast (safe; 3% risk of failure)
Confirm with . or Enter, or press ? or * to list all spells.
Aiming: Sandblast (safe; 3% risk of failure)
Press: ? - help, Shift-Dir - straight line, f/p - Terence
Aim: Terence, wielding a +0 hand axe and wearing a +0 scale mail (84% to hit)
The blast of sand hits Terence.
Terence is lightly wounded.
The endoplasm closely misses you. Terence hits you but does no damage.
Casting: Sandblast (safe; 3% risk of failure)
Confirm with . or Enter, or press ? or * to list all spells.
Aiming: Sandblast (safe; 3% risk of failure)
Press: ? - help, Shift-Dir - straight line, f/p - Terence
Aim: Terence, wielding a +0 hand axe and wearing a +0 scale mail (lightly wounded, 84% to hit)
The blast of sand hits Terence.
Terence is moderately wounded.
The endoplasm barely misses you. Terence misses you.
Terence completely misses you. The endoplasm freezes you.
You are frozen.
* * * LOW HITPOINT WARNING * * *
As you read the scroll labelled BADEARO UFOH, it crumbles to dust.
It is a scroll of identify.
g - a scroll of immolation The endoplasm hits you.
* * * LOW HITPOINT WARNING * * *
Terence barely misses you.
As you read the scroll labelled LOQEPE REEZYO, it crumbles to dust.
You feel strangely unstable.
It was a scroll of teleportation.
Terence misses you. The endoplasm freezes you.
You are frozen.
You die...

..! #.#..#
... #.#..#
....##.#..#
..........#
...#.#..#
..# ......#
.....#@#.#
......J@.#
##########


You could see Terence and an endoplasm.

Vanquished Creatures
  An endoplasm (D:1)
  6 giant cockroaches (D:1)
  4 goblins (D:1)
  4 kobolds (D:1)
  2 ball pythons (D:1)
  5 bats (D:1)
  A frilled lizard (D:1)
  2 rats (D:1)
25 creatures vanquished.

Notes
Turn   | Place    | Note
-------+----------+-------------------------------------------
     0 | D:1      | blackman the Human Wanderer began the quest for the Orb.
     0 | D:1      | blackman set off with the following items: a +0 dagger, a
                  | potion of might, a +0 robe, a +0 cloak; and the following
                  | spells available to memorise: Sandblast, Magic Dart, Stone
                  | Arrow, Dazzling Flash, Leda's Liquefaction.
     0 | D:1      | Reached XP level 1. HP: 16/16 MP: 3/3
    39 | D:1      | Learned a level 1 spell: Sandblast
    89 | D:1      | Reached XP level 2. HP: 21/22 MP: 5/5
   450 | D:1      | Reached skill level 4 in Earth Magic
   450 | D:1      | Reached XP level 3. HP: 27/27 MP: 6/6
   771 | D:1      | Found a faded altar of an unknown god.
   787 | D:1      | Prayed at the altar of an unknown god.
   787 | D:1      | Became a worshipper of Makhleb the Destroyer
   787 | D:1      | Reached * piety under Makhleb
   789 | D:1      | Fell from the grace of Makhleb
   952 | D:2      | Noticed Terence
   965 | D:2      | Frozen to death by an endoplasm

Illustrated notes

Levels and vault maps discovered:
D:1:      mainiacjoe_arrival_reflecting_pool, layout_rooms,
          hellmonk_ecumenical_altar_run_dry, minmay_worlds_worst_comb
D:2:      layout_loops_ring, st_stairs_5, nrook_mini_backslash, uniq_jessica,
          uniq_terence

Skill      XL: |  1  2 |
---------------+-------+-----
Earth Magic    | 4 |  4.2
Fighting       | |  2.0
Stealth        | |  1.0
Spellcasting   | |  2.0
Conjurations   | |  2.0

Action                   || total
-------------------------++-------
Melee: Dagger            ||    85
       Punch             ||     2
 Cast: Sandblast         ||    14
Invok: Renounce Religion ||     1
  Use: Scroll            ||     2
Armor: Robe              ||    35
Dodge: Dodged            ||    68
